 Dungeon Crawl Stone Soup version 0.24-a0-279-ga7546fe674 (webtiles) character file.

Game seed: 3849102268617826768

1400 HAL9000 the Covert (level 8, -5/38 HPs)
             Began as a Vine Stalker Assassin on May 1, 2019.
             Was an Initiate of Kikubaaqudgha.
             Slain by an ice beast (7 damage)
             ... on level 6 of the Dungeon.
             The game lasted 00:11:57 (5964 turns).

HAL9000 the Covert (Vine Stalker Assassin)          Turns: 5964, Time: 00:11:58

Health: -5/38      AC:  3    Str: 21    XL:     8   Next: 69%
Magic:  0/9        EV: 11    Int: 12    God:    Kikubaaqudgha [......]
Gold:   391        SH:  0    Dex: 15    Spells: 7/7 levels left

rFire    + . .     SeeInvis .   a - +2 dagger
rCold    . . .     Gourm    .   (no shield)
rNeg     . . .     Faith    .   c - +0 robe
rPois    .         Spirit   +   (no helmet)
rElec    .         Reflect  .   d - +0 cloak
rCorr    .         Harm     .   (no gloves)
MR       +....                  (no boots)
Stlth    +++++.....             (no amulet)
HPRegen  0.52/turn              y - ring of protection from fire
MPRegen  0.11/turn              v - +5 ring of strength

@: no status effects
A: fangs 3, regeneration 1, magic shield, antimagic bite, no potion heal 3, rot
immunity
a: Renounce Religion


You were on level 6 of the Dungeon.
You worshipped Kikubaaqudgha.
Kikubaaqudgha was noncommittal.
You were hungry.

You visited 1 branch of the dungeon, and saw 6 of its levels.

You collected 391 gold pieces.

Inventory:

Hand Weapons
 a - a +2 dagger (weapon)
 b - a +0 blowgun
Missiles
 e - 39 poisoned needles
 f - 7 silver javelins
 m - a throwing net
 r - 2 curare-tipped needles
 t - 8 needles of sleeping
 u - 4 tomahawks (quivered)
Armour
 c - a +0 robe (worn)
 d - a +0 cloak (worn)
Jewellery
 v - a +5 ring of strength (right hand)
 y - a ring of protection from fire (left hand)
Wands
 o - a wand of clouds (4)
 s - a wand of random effects (16)
Scrolls
 i - a scroll of fear {unknown}
 k - 2 scrolls of remove curse
 l - 3 scrolls of identify
 n - a scroll of magic mapping {unknown}
 p - a scroll of enchant weapon
 q - a scroll of fog {unknown}
 w - a scroll of teleportation {unknown}
Potions
 h - 2 potions of brilliance
 j - a potion of magic
 x - a potion of curing
 A - a potion of heal wounds {unknown}
Comestibles
 g - 8 rations
 z - a chunk of flesh


   Skills:
 - Level 1.7 Fighting
 + Level 6.5 Short Blades
 - Level 1.7 Throwing
 - Level 0.7 Dodging
 + Level 11.1 Stealth


You had 7 spell levels left.
You didn't know any spells.
Your spell library contained the following spells:

 Spells                   Type           Power        Failure   Level  Hunger
 Summon Small Mammal      Summ           #...         32%         1    ##.....
 Call Imp                 Summ           #.......     45%         2    ###....
 Call Canine Familiar     Summ           #.......     69%         3    ####...
 Summon Guardian Golem    Hex/Summ       #.......     69%         3    ####...
 Summon Ice Beast         Ice/Summ       #.......     97%         4    #####..
 Summon Lightning Spire   Summ/Air       #.......     97%         4    #####..


Dungeon Overview and Level Annotations

Branches:
Dungeon (6/15)
 Temple: D:4-7

Altars:
Cheibriados
Elyvilon
Kikubaaqudgha
Nemelex Xobeh
Okawaru
Trog
Wu Jian
Zin

Shops:
D:4 *!(=*   D:6 *

Annotations:
D:3 2 transporters, Yosebu's ghost, amateur DsAK


Innate Abilities, Weirdness & Mutations

You have razor-sharp teeth.
Your natural rate of healing is unusually fast.
When hurt, damage is shared between your health and your magic reserves.
Your bite disrupts and absorbs the magic of your enemies.
Potions cannot restore your health.
You are immune to rotting.


Message History

The ice beast hits you.
* * * LOW HITPOINT WARNING * * *
The ice beast freezes you!
* * * LOW HITPOINT WARNING * * *
You barely miss the ice beast. Your bite misses the ice beast.
The ice beast is almost dead.
The ice beast hits you but does no damage.
You hit the ice beast but do no damage. Your bite misses the ice beast.
The ice beast is almost dead.
You hit the ice beast. Your bite misses the ice beast.
The ice beast is almost dead.
The ice beast barely misses you.
You hit the ice beast but do no damage. You bite the ice beast.
You drain its power.
You feel invigorated.
The ice beast is almost dead.
The ice beast hits you.
* * * LOW HITPOINT WARNING * * *
The ice beast freezes you!
You die...
Kikubaaqudgha rasps: "You have failed me!
Welcome... death!"

..... ##.........#
#.#.. #......
#.........# #)###
#.........# #.#
#.........#######.###
#<........#..........
#.........#.#####.###
###........#.......#
###8###...........####
#._._.#@Y((((........#
##...##.#####.....=.<#
#⌠(⌠##.# ##.#.#####
##'##..# #.#.....#
#.##..######.#.###.#
#..........#.#...#.#
####.#####.#.#.#.#.#
#.#...#.#.#.#.#.#
#.#.#...#.#.#.#.#


You could see an ice beast.

Vanquished Creatures
  Sigmund (D:2)
  A necrophage (D:5)
  An ogre (D:3)
  A bullfrog (D:6)
  2 big kobolds (D:5)
  Blork the orc (D:6)
  3 scorpions
  A crimson imp (D:3)
  A howler monkey (D:6)
  A bullfrog zombie (D:5)
  2 hounds
  A centaur zombie (D:6)
  A centaur skeleton (D:5)
  Jessica (D:2)
  5 worker ants
  A hound skeleton (D:4)
  A worker ant zombie (D:5)
  7 adders
  7 gnolls
  A shadow imp (D:6)
  An ooze (D:4)
  An adder skeleton (D:5)
  6 worms
  A dart slug (D:4)
  2 leopard geckos
  An orc (D:3)
  A giant cockroach (D:6)
  6 goblins
  6 hobgoblins
  5 jackals
  44 kobolds
  2 quokkas
  10 bats
  6 frilled lizards
  7 rats
139 creatures vanquished.

Vanquished Creatures (others)
  4 plants (D:3)
4 creatures vanquished.

Grand Total: 143 creatures vanquished

Notes
Turn   | Place    | Note
-------+----------+-------------------------------------------
     0 | D:1      | HAL9000 the Vine Stalker Assassin began the quest for the
                  | Orb.
     0 | D:1      | Reached XP level 1. HP: 11/11 MP: 2/2
    70 | D:1      | Reached skill level 5 in Stealth
   453 | D:1      | Reached XP level 2. HP: 10/15 MP: 1/3
   871 | D:2      | Reached skill level 6 in Stealth
   871 | D:2      | Reached XP level 3. HP: 9/18 MP: 0/4
  1214 | D:2      | Noticed Jessica
  1220 | D:2      | Killed Jessica
  1220 | D:2      | Gained mutation: Your natural rate of healing is unusually
                  | fast. [Vine Stalker growth]
  1220 | D:2      | Reached XP level 4. HP: 23/23 MP: 5/5
  1422 | D:2      | Found an iron altar of Okawaru.
  1422 | D:2      | Found a bloodstained altar of Trog.
  1571 | D:2      | Noticed Sigmund
  1632 | D:2      | Killed Sigmund
  1632 | D:2      | Reached skill level 8 in Stealth
  1632 | D:2      | Reached XP level 5. HP: 21/26 MP: 6/6
  1632 | D:2      | Reached XP level 6. HP: 25/30 MP: 7/7
  2046 | D:3      | Found a transporter.
  2056 | D:3      | Noticed Yosebu's ghost (amateur DsAK)
  2163 | D:3      | Found a sparkling altar of Nemelex Xobeh.
  2232 | D:3      | Found a transporter.
  2695 | D:4      | Reached skill level 9 in Stealth
  2765 | D:4      | Found Taocekem's Weapon Shop.
  2788 | D:4      | Reached XP level 7. HP: 34/34 MP: 8/8
  2789 | D:4      | Found Laepiuw's Jewellery Boutique.
  2968 | D:4      | Found Jicvuna's General Store.
  3259 | D:4      | Found Naic's Assorted Antiques.
  3462 | D:4      | Found Lataplo's Distillery.
  3591 | D:5      | Entered Level 5 of the Dungeon
  3632 | D:5      | Found a sparkling altar of Nemelex Xobeh.
  4116 | D:5      | Reached skill level 10 in Stealth
  4366 | D:5      | Reached skill level 5 in Short Blades
  4461 | D:5      | Gained mutation: You have razor-sharp teeth. [Vine Stalker
                  | growth]
  4461 | D:5      | Reached XP level 8. HP: 24/38 MP: 9/9
  4640 | D:5      | Found an ornate altar of the Wu Jian Council.
  4794 | D:5      | Found a sparkling altar of Nemelex Xobeh.
  4952 | D:5      | Found a snail-covered altar of Cheibriados.
  5120 | D:6      | Found Zin's Purification Station.
  5130 | D:6      | Found a glowing silver altar of Zin.
  5167 | D:6      | Noticed Blork the orc
  5417 | D:6      | Killed Blork the orc
  5417 | D:6      | Reached skill level 11 in Stealth
  5859 | D:6      | Found a white marble altar of Elyvilon.
  5859 | D:6      | Found an ancient bone altar of Kikubaaqudgha.
  5869 | D:6      | Became a worshipper of Kikubaaqudgha
  5964 | D:6      | Slain by an ice beast

Levels and vault maps discovered:
D:1:      tarquinn_simple_flora_water_b, layout_rooms, kennysheep_another_room,
          chequers_arboretum
D:2:      layout_basic, gammafunk_temple_overflow_wave, first_ration,
          uniq_jessica, uniq_sigmund
D:3:      minmay_chambers_of_twos, layout_basic, gammafunk_ghost_gnarly_gnolls,
          nemelex_spade_bored_becter
D:4:      layout_loops_ring, serial_shops, kennysheep_mini,
          nicolae_shop_crystal, kennysheep_little_box, shop, shop
D:5:      minmay_goblin_kobold_castle, layout_basic, old_standard_altar,
          overflow_temple_1_default, basic_altar, cheibrodos_worm_habitat
D:6:      layout_basic, zin_purify, gammafunk_temple_overflow_statue,
          minmay_temple_entry_fiery, uniq_blork_the_orc

Skill      XL: |  1  2  3  4  5  6  7  8 |
---------------+-------------------------+-----
Stealth        | 5 6 8 9 10 11 | 11.1
Short Blades   | 2 3 4 5 6 |  6.5
Fighting       | |  1.7
Throwing       | |  1.7
Dodging        | |  0.7

Action                   |  1- 3 |  4- 6 |  7- 9 || total
-------------------------+-------+-------+-------++-------
Melee: Dagger            |    59 |   135 |   366 ||   560
       Bite              |     8 |    27 |   103 ||   138
 Fire: Blowgun           |       |     6 |     1 ||     7
Throw: Tomahawk          |       |       |     4 ||     4
  Use: Potion            |     3 |       |       ||     3
       Scroll            |       |       |     9 ||     9
 Stab: Sleeping          |     6 |    16 |    15 ||    37
  Eat: Chunk             |       |     6 |     3 ||     9
       Ration            |       |       |     2 ||     2
Armor: Robe              |    22 |    38 |    44 ||   104
       Skin              |     8 |       |       ||     8
Dodge: Dodged            |    25 |    69 |   187 ||   281

Table legend:
 A = Non-vault XP
 B = Vault XP
 C = Vault XP percentage of total XP
 D = Non-vault monster count
 E = Vault monster count
 F = Vault count percentage of total count
                 A         B        C        D         E       F
            +---------+---------+-------+---------+---------+-------
      Total |    1216 |     784 |  39.2 |      78 |      61 |  43.9
            +---------+---------+-------+---------+---------+-------
        D:1 |      19 |       0 |   0.0 |      12 |       0 |   0.0
        D:2 |      71 |     264 |  78.8 |      16 |       2 |  11.1
        D:3 |     116 |     128 |  52.5 |      17 |       8 |  32.0
        D:4 |     221 |       0 |   0.0 |      12 |       0 |   0.0
        D:5 |     400 |     305 |  43.3 |       9 |      50 |  84.7
        D:6 |     389 |      87 |  18.3 |      12 |       1 |   7.7
            +---------+---------+-------+---------+---------+-------
